 Dungeon Crawl Stone Soup version 0.25-a0-424-g80bd347ae0 (console) character file.

Game seed: 18015523108775400794, levelgen mode: deterministic

209 Kagalorn the Gusty (level 6, -4/61 HPs)
             Began as a Human Air Elementalist on Jan 20, 2020.
             Slain by a scorpion (5 damage)
             ... on level 4 of the Dungeon.
             The game lasted 00:09:22 (3407 turns).

Kagalorn the Gusty (Human Air Elementalist)         Turns: 3407, Time: 00:09:24

Health: -4/61      AC:  2    Str: 13    XL:     6   Next: 12%
Magic:  0/11       EV: 12    Int: 17    God:
Gold:   215        SH:  0    Dex: 14    Spells: 9/12 levels left

rFire    . . .     SeeInvis .   a - +0 short sword
rCold    . . .     Gourm    .   (no shield)
rNeg     . . .     Faith    .   w - +0 robe
rPois    .         Spirit   .   (no helmet)
rElec    .         Reflect  .   (no cloak)
rCorr    .         Harm     .   (no gloves)
MR       .....                  (no boots)
Stlth    ..........             (no amulet)
HPRegen  0.20/turn              (no ring)
MPRegen  0.12/turn              (no ring)

@: berserking, lethally poisoned (-4 -> -33), very quick
A: no striking features
a: no special abilities


You were on level 4 of the Dungeon.
You were not hungry.

You visited 1 branch of the dungeon, and saw 4 of its levels.

You collected 215 gold pieces.

Inventory:

Hand Weapons
 a - a +0 short sword (weapon)
Missiles
 e - 81 stones (quivered)
Armour
 d - a +0 buckler
 w - a +0 robe (worn)
Jewellery
 s - a +4 ring of strength {unknown}
Wands
 p - a wand of enslavement (9)
Scrolls
 b - 2 scrolls of identify {unknown}
 f - 2 scrolls of magic mapping {unknown}
 g - a scroll of noise {unknown}
 h - 2 scrolls of fog {unknown}
 l - a scroll of immolation {unknown}
 m - a scroll of enchant weapon {unknown}
 o - 3 scrolls of teleportation {unknown}
 q - a scroll of amnesia {unknown}
 r - a scroll of blinking {unknown}
Potions
 j - 2 potions of haste
 k - a potion of agility {unknown}
 n - a potion of heal wounds {unknown}
Comestibles
 c - 10 rations


   Skills:
 - Level 2.0 Dodging
 - Level 2.0 Stealth
 * Level 1.4 Shields
 * Level 3.5 Spellcasting
 * Level 2.4 Conjurations
 * Level 4.4 Air Magic


You had 9 spell levels left.
You knew the following spells:

 Your Spells              Type           Power        Failure   Level  Hunger
a - Shock                 Conj/Air       ##..         4%          1    None
g - Swiftness             Chrm/Air       ##......     10%         2    ##.....

Your spell library contained the following spells:

 Spells                   Type           Power        Failure   Level  Hunger
 Static Discharge         Conj/Air       ##......     12%         3    ###....
 Airstrike                Air            ###.......   26%         4    ####...
 Lightning Bolt           Conj/Air       ##........   73%         5    ######.


Dungeon Overview and Level Annotations

Branches:
Dungeon (4/15)
 Temple: D:4-7

Altars:
Hepliaklqana

Annotations:
D:2 Sigmund


Message History

Casting: Shock (safe; 4% risk of failure)
Confirm with . or Enter, or press ? or * to list all spells.
Aiming: Shock (safe; 4% risk of failure)
Press: ? - help, Shift-Dir - straight line, f/p - scorpion
Aim: a scorpion (almost dead)
The zap hits the scorpion.
The scorpion is almost dead.
* * * LOW HITPOINT WARNING * * *
You feel sick. The scorpion stings you!
* * * LOW HITPOINT WARNING * * *
You are more poisoned.
The scorpion poisons you!
Okay, then.
It was a potion of berserk rage.
A red film seems to cover your vision as you go berserk!
You feel yourself moving faster!
You feel mighty!
* * * LOW HITPOINT WARNING * * *
You feel very sick. The scorpion stings you.
You die...

## .# #. #.# ..
#.#########.#######
..
#..>.@......<......
..
####s##.##...#.##.#
.. #. #.##...#.##.#
.. #.
#.##...#.##.##.# #.
#.##............ #.
#.###.........S# #%
#.#....#.##.#### #.
#.#.####.##.#
#.##.#.####.##.#


You could see a scorpion.

Vanquished Creatures
  A howler monkey (D:4)
  Natasha (thrice) (D:3)
  3 adders
  2 worms
  A dart slug (D:2)
  2 leopard geckos
  4 orcs (D:3)
  5 goblins
  7 hobgoblins
  5 jackals
  A ball python (D:3)
  9 bats
  A frilled lizard (D:3)
  7 kobolds
  6 rats
57 creatures vanquished.

Notes
Turn   | Place    | Note
-------+----------+-------------------------------------------
     0 | D:1      | Kagalorn the Human Air Elementalist began the quest for the
                  | Orb.
     0 | D:1      | Reached XP level 1. HP: 13/13 MP: 3/3
   220 | D:1      | Reached XP level 2. HP: 12/19 MP: 1/5
   945 | D:2      | Noticed Sigmund
  1240 | D:2      | Reached XP level 3. HP: 23/24 MP: 2/6
  1378 | D:2      | Found a hazy altar of Hepliaklqana.
  1698 | D:2      | Reached XP level 4. HP: 30/30 MP: 3/7
  2203 | D:3      | Noticed Natasha
  2213 | D:3      | Killed Natasha
  2213 | D:3      | Reached skill level 1 in Shields
  2213 | D:3      | Reached skill level 4 in Air Magic
  2213 | D:3      | Reached XP level 5. HP: 3/35 MP: 0/9
  2719 | D:3      | Noticed Natasha
  2728 | D:3      | Killed Natasha
  2907 | D:3      | Noticed Natasha
  3020 | D:3      | Killed Natasha
  3283 | D:4      | Reached XP level 6. HP: 41/41 MP: 7/11
  3363 | D:4      | Learned a level 2 spell: Swiftness
  3406 | D:4      | HP: 2/41 [scorpion (10)]
  3407 | D:4      | Slain by a scorpion

Levels and vault maps discovered:
D:1:      minmay_arrival_hallway, layout_loops_ring, serial_rivers,
          chequers_serial_rivers_micro_e, chequers_serial_rivers_micro_b,
          chequers_serial_rivers_micro_c, chequers_serial_rivers_large_b,
          chequers_serial_rivers_micro_b, chequers_serial_rivers_micro_d,
          nrook_uturn
D:2:      layout_rooms, nicolae_overflow_hidden_temple, uniq_sigmund
D:3:      layout_loops_ring, uniq_natasha
D:4:      layout_loops_ring, serial_shops, shop

Skill      XL: |  1  2  3  4  5 |
---------------+----------------+-----
Shields        | 1 |  1.4
Spellcasting   | 3 |  3.5
Air Magic      | 4 |  4.4
Conjurations   | 2 |  2.4
Dodging        | |  2.0
Stealth        | |  2.0

Action                   |  1- 3 |  4- 6 || total
-------------------------+-------+-------++-------
Melee: Short sword       |     5 |    30 ||    35
 Cast: Shock             |    57 |    73 ||   130
  Use: Potion            |       |     1 ||     1
 Stab: Sleeping          |     1 |       ||     1
  Eat: Chunk             |     3 |     6 ||     9
Armor: Robe              |     7 |     9 ||    16
Dodge: Dodged            |    16 |    35 ||    51

Table legend:
 A = Non-vault XP
 B = Vault XP
 C = Vault XP percentage of total XP
 D = Non-vault monster count
 E = Vault monster count
 F = Vault count percentage of total count
                 A         B        C        D         E       F
            +---------+---------+-------+---------+---------+-------
      Total |     262 |      37 |  12.4 |      56 |       1 |   1.8
            +---------+---------+-------+---------+---------+-------
        D:1 |      27 |       0 |   0.0 |      18 |       0 |   0.0
        D:2 |      54 |       0 |   0.0 |      14 |       0 |   0.0
        D:3 |     113 |      37 |  24.7 |      22 |       1 |   4.3
        D:4 |      68 |       0 |   0.0 |       2 |       0 |   0.0
            +---------+---------+-------+---------+---------+-------
